| TOP OF THE 1ST |
|
Texas Rangers batting - Pitching for Cleveland Indians : RHP Andy Zecher
|
|
Pitching: RHP Andy Zecher
|
|
|
Batting: LHB Johan de Vries
|
0-0: Ball 1-0: Called Strike 1-1: Ground out 6-3 (Groundball, 6, EV 86.9 MPH)
|
|
Batting: SHB John Giesbrecht
|
0-0: Called Strike 0-1: Ball 1-1: Ball 2-1: Called Strike 2-2: Foul Ball, location: 2F 2-2: SINGLE (Groundball, 6MD, EV 100.0 MPH)
|
|
Batting: RHB David Casas
|
0-0: Ball 1-0: Grounds into double play, 5-4-3 (Groundball, 56S, EV 93.1 MPH)
|
| Top of the 1st over - 0 runs, 1 hit, 0 errors, 0 left on base; Texas 0 - Cleveland 0 |
| BOTTOM OF THE 1ST |
|
Cleveland Indians batting - Pitching for Texas Rangers : RHP Kelly Goosecock
|
|
Pitching: RHP Kelly Goosecock
|
|
|
Batting: LHB Fernando Campos
|
0-0: Called Strike 0-1: Ball 1-1: Called Strike 1-2: Ball 2-2: Ball 3-2: Fly out, F5 (Popup, 25F, EV 89.4 MPH)
|
|
Batting: LHB Kyle Schaible
|
0-0: Called Strike 0-1: SINGLE (Groundball, 34D, EV 101.3 MPH)
|
|
Batting: RHB Drtian Thaqi
|
0-0: Ball 1-0: Called Strike 1-1: Swinging Strike 1-2: Strikes out swinging
|
|
Batting: RHB Ken Howard
|
0-0: Foul Ball, location: 2F 0-1: Called Strike 0-2: Ball 1-2: Foul Ball, location: 2F 1-2: Strikes out swinging
|
| Bottom of the 1st over - 0 runs, 1 hit, 0 errors, 1 left on base; Texas 0 - Cleveland 0 |
| TOP OF THE 2ND |
|
Texas Rangers batting - Pitching for Cleveland Indians : RHP Andy Zecher
|
|
Batting: LHB Da Vo
|
0-0: Called Strike 0-1: Ball 1-1: Foul Ball, location: 2F 1-2: Foul Ball, location: 2F 1-2: Ball 2-2: Ball 3-2: Ground out 6-3 (Groundball, 6M, EV 105.6 MPH)
|
|
Batting: LHB Cody Schumacher
|
0-0: Called Strike 0-1: Ball 1-1: Ball 2-1: Ground out 6-3 (Groundball, 6S, EV 86.3 MPH)
|
|
Batting: SHB Vince Ealy
|
0-0: Called Strike 0-1: Ball 1-1: Ball 2-1: SINGLE (Line Drive, 8LS, EV 105.6 MPH)
|
|
Batting: RHB Edwin Madrid
|
0-0: Ball Vince Ealy steals 2nd base (no throw) 1-0: Ball 2-0: Swinging Strike 2-1: SINGLE (Flyball, 8RS, EV 91.9 MPH) Vince Ealy to third
|
|
Batting: RHB Casey Semenza
|
0-0: Fielders Choice at 2nd, 5-4 (Groundball, 56, EV 90.0 MPH)
|
| Top of the 2nd over - 0 runs, 2 hits, 0 errors, 2 left on base; Texas 0 - Cleveland 0 |
| BOTTOM OF THE 2ND |
|
Cleveland Indians batting - Pitching for Texas Rangers : RHP Kelly Goosecock
|
|
Batting: RHB Chad Manning
|
0-0: Foul Ball, location: 2F 0-1: Foul Ball, location: 2F 0-2: Ball 1-2: SINGLE (Groundball, 6MD, EV 101.9 MPH)
|
|
Batting: SHB Mike Gross
|
0-0: Ball 1-0: Called Strike 1-1: Swinging Strike 1-2: Foul Ball, location: 2F 1-2: Strikes out swinging
|
|
Batting: RHB Justin Ganey
|
0-0: Ball 1-0: Called Strike 1-1: Ball 2-1: Ball 3-1: SINGLE (Groundball, 6, EV 99.4 MPH) Chad Manning to second
|
|
Batting: RHB Toki Takeuchi
|
0-0: Ball 1-0: Swinging Strike 1-1: Swinging Strike 1-2: Strikes out looking
|
|
Batting: RHB David Schweitzer
|
0-0: Foul Ball, location: 2F 0-1: Foul Ball, location: 2F 0-2: Strikes out swinging
|
| Bottom of the 2nd over - 0 runs, 2 hits, 0 errors, 2 left on base; Texas 0 - Cleveland 0 |
| TOP OF THE 3RD |
|
Texas Rangers batting - Pitching for Cleveland Indians : RHP Andy Zecher
|
|
Batting: LHB Sadamu Noguchi
|
0-0: Called Strike 0-1: Foul Ball, location: 2F 0-2: Ball 1-2: Reached on error, E5 (Groundball, 5, EV 78.1 MPH)
|
|
Batting: LHB Johan de Vries
|
0-0: Called Strike 0-1: Called Strike 0-2: Ball 1-2: Ball 2-2: Ball 3-2: Base on Balls
|
|
Batting: SHB John Giesbrecht
|
0-0: Swinging Strike 0-1: Called Strike 0-2: Ball 1-2: Strikes out looking
|
|
Batting: RHB David Casas
|
0-0: Ball 1-0: Ball 2-0: Ball 3-0: Base on Balls Sadamu Noguchi to third Johan de Vries to second
|
|
Batting: LHB Da Vo
|
0-0: Foul Ball, location: 2F 0-1: Foul Ball, location: 2F 0-2: Strikes out swinging
|
|
Batting: LHB Cody Schumacher
|
0-0: Ball 1-0: Ball 2-0: Ball 3-0: Called Strike 3-1: Base on Balls Sadamu Noguchi scores Johan de Vries to third David Casas to second
|
|
Batting: SHB Vince Ealy
|
0-0: Ball Wild Pitch! Johan de Vries scores David Casas to third Cody Schumacher to second 1-0: Swinging Strike 1-1: Ball 2-1: Ground out 6-3 (Groundball, 6M, EV 85.0 MPH)
|
| Top of the 3rd over - 2 runs, 0 hits, 1 error, 2 left on base; Texas 2 - Cleveland 0 |
| BOTTOM OF THE 3RD |
|
Cleveland Indians batting - Pitching for Texas Rangers : RHP Kelly Goosecock
|
|
Batting: LHB Fernando Campos
|
0-0: Swinging Strike 0-1: Swinging Strike 0-2: Strikes out swinging
|
|
Batting: LHB Kyle Schaible
|
0-0: Called Strike 0-1: Ball 1-1: Ground out 4-3 (Groundball, 4, EV 101.9 MPH)
|
|
Batting: RHB Drtian Thaqi
|
0-0: Ball 1-0: SINGLE (Groundball, 56D, EV 96.9 MPH)
|
|
Batting: RHB Ken Howard
|
0-0: SINGLE (Groundball, 6D, EV 94.4 MPH) Drtian Thaqi to second
|
|
Batting: RHB Chad Manning
|
0-0: Ball 1-0: Swinging Strike 1-1: Foul Ball, location: 2F 1-2: Strikes out swinging
|
| Bottom of the 3rd over - 0 runs, 2 hits, 0 errors, 2 left on base; Texas 2 - Cleveland 0 |
| TOP OF THE 4TH |
|
Texas Rangers batting - Pitching for Cleveland Indians : RHP Andy Zecher
|
|
Batting: RHB Edwin Madrid
|
0-0: Ball 1-0: Foul Ball, location: 2F 1-1: Ground out 6-3 (Groundball, 6MS, EV 74.4 MPH)
|
|
Batting: RHB Casey Semenza
|
0-0: Ball 1-0: Ball 2-0: Ball 3-0: Called Strike 3-1: Base on Balls
|
|
Batting: LHB Sadamu Noguchi
|
0-0: Ball Casey Semenza steals 2nd base 1-0: Ground out 6-3 (Groundball, 56D, EV 96.9 MPH)
|
|
Batting: LHB Johan de Vries
|
0-0: Called Strike 0-1: Ball 1-1: Called Strike 1-2: SINGLE (Groundball, 4MD, EV 103.1 MPH) (infield hit) Casey Semenza to third
|
|
Batting: SHB John Giesbrecht
|
0-0: Ball 1-0: Swinging Strike 1-1: Foul Ball, location: 2F 1-2: Ground out 4-3 (Groundball, 34, EV 86.3 MPH)
|
| Top of the 4th over - 0 runs, 1 hit, 0 errors, 2 left on base; Texas 2 - Cleveland 0 |
| BOTTOM OF THE 4TH |
|
Cleveland Indians batting - Pitching for Texas Rangers : RHP Kelly Goosecock
|
|
Batting: SHB Mike Gross
|
0-0: Foul Ball, location: 2F 0-1: Foul Ball, location: 2F 0-2: Fly out, F7 (Flyball, 7D, EV 108.8 MPH)
|
|
Batting: RHB Justin Ganey
|
0-0: Ball 1-0: Foul Ball, location: 2F 1-1: Ground out 1-3 (Groundball, 13S, EV 68.8 MPH)
|
|
Batting: RHB Toki Takeuchi
|
0-0: Swinging Strike 0-1: Foul Ball, location: 2F 0-2: Ball 1-2: Strikes out swinging
|
| Bottom of the 4th over - 0 runs, 0 hits, 0 errors, 0 left on base; Texas 2 - Cleveland 0 |
| TOP OF THE 5TH |
|
Texas Rangers batting - Pitching for Cleveland Indians : RHP Andy Zecher
|
|
Pitching: RHP Josh Hebert
|
|
|
Batting: RHB David Casas
|
0-0: Ball 1-0: Called Strike 1-1: Ground out 5-3 (Groundball, 56, EV 105.6 MPH)
|
|
Batting: LHB Da Vo
|
0-0: Called Strike 0-1: Ball 1-1: Foul Ball, location: 2F 1-2: SINGLE (Line Drive, 78S, EV 93.1 MPH)
|
|
Batting: LHB Cody Schumacher
|
0-0: Swinging Strike 0-1: Ball 1-1: Ball 2-1: Ball 3-1: Base on Balls Da Vo to second
|
|
Batting: SHB Vince Ealy
|
0-0: Fly out, F6 (Popup, 6M, EV 58.8 MPH)
|
|
Batting: RHB Edwin Madrid
|
0-0: Swinging Strike 0-1: Swinging Strike 0-2: Ball 1-2: Foul Ball, location: 2F 1-2: Fly out, F8 (Flyball, 8RD, EV 100.0 MPH)
|
| Top of the 5th over - 0 runs, 1 hit, 0 errors, 2 left on base; Texas 2 - Cleveland 0 |
| BOTTOM OF THE 5TH |
|
Cleveland Indians batting - Pitching for Texas Rangers : RHP Kelly Goosecock
|
|
Pitching: LHP Dennis French
|
|
|
Batting: RHB David Schweitzer
|
0-0: Foul Ball, location: 2F 0-1: SINGLE (Groundball, 6D, EV 101.3 MPH)
|
|
Batting: LHB Fernando Campos
|
0-0: Ball 1-0: Ball 2-0: Foul Ball, location: 2F 2-1: Foul Ball, location: 2F 2-2: Strikes out swinging
|
|
Batting: LHB Kyle Schaible
|
0-0: Ball 1-0: Ball 2-0: Called Strike 2-1: Grounds into double play, 3-6-1 (Groundball, 3, EV 90.6 MPH)
|
| Bottom of the 5th over - 0 runs, 1 hit, 0 errors, 0 left on base; Texas 2 - Cleveland 0 |
| TOP OF THE 6TH |
|
Texas Rangers batting - Pitching for Cleveland Indians : RHP Josh Hebert
|
|
Batting: RHB Casey Semenza
|
0-0: Ball 1-0: Ball 2-0: Ground out 6-3 (Groundball, 6, EV 104.4 MPH)
|
|
Batting: LHB Sadamu Noguchi
|
0-0: Ball 1-0: Swinging Strike 1-1: Called Strike 1-2: Foul Ball, location: 2F 1-2: Foul Ball, location: 2F 1-2: Strikes out swinging
|
|
Batting: LHB Johan de Vries
|
0-0: Ball 1-0: Foul Ball, location: 2F 1-1: Ball 2-1: Swinging Strike 2-2: Foul Ball, location: 2F 2-2: Ground out 6-3 (Groundball, 6, EV 98.8 MPH)
|
| Top of the 6th over - 0 runs, 0 hits, 0 errors, 0 left on base; Texas 2 - Cleveland 0 |
| BOTTOM OF THE 6TH |
|
Cleveland Indians batting - Pitching for Texas Rangers : LHP Dennis French
|
|
Batting: RHB Drtian Thaqi
|
0-0: Foul Ball, location: 2F 0-1: Ball 1-1: Foul Ball, location: 2F 1-2: Ball 2-2: Foul Ball, location: 2F 2-2: Ball 3-2: Fly out, F8 (Flyball, 8RD, EV 90.6 MPH)
|
|
Batting: RHB Ken Howard
|
0-0: Ball 1-0: Called Strike 1-1: Ball 2-1: Ball 3-1: Called Strike 3-2: Fly out, F7 (Flyball, 7LS, EV 77.5 MPH)
|
|
Batting: RHB Chad Manning
|
0-0: Ball 1-0: Foul Ball, location: 2F 1-1: Ball 2-1: Called Strike 2-2: Ball 3-2: Ground out 5-3 (Groundball, 56, EV 83.8 MPH)
|
| Bottom of the 6th over - 0 runs, 0 hits, 0 errors, 0 left on base; Texas 2 - Cleveland 0 |
| TOP OF THE 7TH |
|
Texas Rangers batting - Pitching for Cleveland Indians : RHP Josh Hebert
|
|
Pitching: RHP Mike Wilson
|
|
|
Batting: SHB John Giesbrecht
|
0-0: Ball 1-0: Called Strike 1-1: Fly out, F8 (Flyball, 78XD, EV 97.5 MPH)
|
|
Pinch Hitting: RHB Alan Oxenrider
|
0-0: Called Strike 0-1: Called Strike 0-2: Ball 1-2: Strikes out swinging wild pitch, reaches first!
|
|
Batting: RHB Bert Clark
|
0-0: Called Strike 0-1: Swinging Strike 0-2: Ball 1-2: Foul Ball, location: 2F 1-2: DOUBLE (Groundball, 3L, EV 103.8 MPH) Alan Oxenrider to third
|
|
Pinch Hitting: LHB Jeff Densmore
|
0-0: Ground out 2-3 (Groundball, 2L, EV 69.4 MPH)
|
|
Pinch Hitting: RHB Zhi-bin Ou-yang
|
0-0: Ball 1-0: Foul Ball, location: 2F 1-1: Ball 2-1: Foul Ball, location: 2F 2-2: Ball 3-2: Fly out, F9 (Flyball, 9D, EV 106.9 MPH)
|
| Top of the 7th over - 0 runs, 1 hit, 0 errors, 2 left on base; Texas 2 - Cleveland 0 |
| BOTTOM OF THE 7TH |
|
Cleveland Indians batting - Pitching for Texas Rangers : LHP Dennis French
|
|
Pitching: RHP Victor Nunez
|
|
|
Now at C: José Molina
|
|
|
Now at 1B: Johan de Vries
|
|
|
Now at SS: Zhi-bin Ou-yang
|
|
|
Now in CF: Jeff Densmore
|
|
|
Batting: SHB Mike Gross
|
0-0: Foul Ball, location: 2F 0-1: Foul Ball, location: 2F 0-2: Strikes out swinging
|
|
Batting: RHB Justin Ganey
|
0-0: Called Strike 0-1: Fly out, F7 (Line Drive, 7D, EV 92.5 MPH)
|
|
Batting: RHB Toki Takeuchi
|
0-0: Called Strike 0-1: Ball 1-1: Foul Ball, location: 2F 1-2: Strikes out looking
|
| Bottom of the 7th over - 0 runs, 0 hits, 0 errors, 0 left on base; Texas 2 - Cleveland 0 |
| TOP OF THE 8TH |
|
Texas Rangers batting - Pitching for Cleveland Indians : RHP Mike Wilson
|
|
Pinch Hitting: RHB Alex Sandoval
|
0-0: Called Strike 0-1: Foul Ball, location: 2F 0-2: Foul Ball, location: 2F 0-2: Fly out, F8 (Line Drive, 8LM, EV 95.6 MPH)
|
|
Pinch Hitting: RHB Zhao-ji Chi
|
0-0: Called Strike 0-1: Fly out, F4 (Popup, 4M, EV 53.1 MPH)
|
|
Pinch Hitting: RHB Rich Stinson
|
0-0: Ball 1-0: Called Strike 1-1: Ball 2-1: Called Strike 2-2: Ball 3-2: Fly out, F9 (Flyball, 89M, EV 82.5 MPH)
|
| Top of the 8th over - 0 runs, 0 hits, 0 errors, 0 left on base; Texas 2 - Cleveland 0 |
| BOTTOM OF THE 8TH |
|
Cleveland Indians batting - Pitching for Texas Rangers : RHP Victor Nunez
|
|
Now at 3B: Alex Sandoval
|
|
|
Now in LF: Zhao-ji Chi
|
|
|
Now in RF: Rich Stinson
|
|
|
Pinch Hitting: LHB Arvin Dungca
|
0-0: Foul Ball, location: 2F 0-1: Ground out 4-3 (Groundball, 4, EV 106.3 MPH)
|
|
Pinch Hitting: LHB Hector Pedroso
|
0-0: Called Strike 0-1: Swinging Strike 0-2: Strikes out swinging
|
|
Pinch Hitting: RHB Tristan Dennis
|
0-0: Swinging Strike 0-1: Called Strike 0-2: Ball 1-2: Ball 2-2: Ground out 6-3 (Groundball, 56, EV 105.6 MPH)
|
| Bottom of the 8th over - 0 runs, 0 hits, 0 errors, 0 left on base; Texas 2 - Cleveland 0 |
| TOP OF THE 9TH |
|
Texas Rangers batting - Pitching for Cleveland Indians : RHP Mike Wilson
|
|
Pitching: RHP Dennis Beals
|
|
|
Now at 2B: Tristan Dennis
|
|
|
Now in LF: Anthony Mosley
|
|
|
Now in RF: Hector Pedroso
|
|
|
Pinch Hitting: RHB Jason Swisher
|
0-0: Fly out, F9 (Flyball, 9, EV 91.3 MPH)
|
|
Batting: SHB John Giesbrecht
|
0-0: Ball 1-0: Foul Ball, location: 2F 1-1: Called Strike 1-2: Strikes out looking
|
|
Batting: RHB José Molina
|
0-0: Ball 1-0: Ball 2-0: Called Strike 2-1: Swinging Strike 2-2: Foul Ball, location: 2F 2-2: Strikes out swinging
|
| Top of the 9th over - 0 runs, 0 hits, 0 errors, 0 left on base; Texas 2 - Cleveland 0 |
| BOTTOM OF THE 9TH |
|
Cleveland Indians batting - Pitching for Texas Rangers : RHP Victor Nunez
|
|
Pitching: RHP Kyle Curve
|
|
|
Now at 1B: Jason Swisher
|
|
|
Pinch Hitting: RHB Rafael Medina
|
0-0: Ball 1-0: Ball 2-0: Ball 3-0: Base on Balls
|
|
Batting: RHB Jesus Galvan
|
0-0: Ball 1-0: Called Strike 1-1: Swinging Strike 1-2: Ball 2-2: Foul Ball, location: 2F 2-2: Foul Ball, location: 2F 2-2: Strikes out swinging
|
|
Pinch Hitting: SHB Dan Hill
|
0-0: Swinging Strike 0-1: Ball 1-1: Ball 2-1: Ball 3-1: Called Strike 3-2: Strikes out swinging Rafael Medina steals 2nd base (no throw) Batter strikes out.
|
|
Pinch Hitting: RHB Miguel Trevino
|
0-0: Foul Ball, location: 2F 0-1: Ball 1-1: Ball 2-1: Ground out 5-3 (Groundball, 56S, EV 70.0 MPH)
|
| Bottom of the 9th over - 0 runs, 0 hits, 0 errors, 1 left on base; Texas 2 - Cleveland 0 |
|